 Dungeon Crawl Stone Soup version 0.27-a0-1147-gb3d8e82157 (webtiles) character file.

Game seed: 11913525375638575589

51 Shayle the Ruffian (level 3, -1/18 HPs)
             Began as a Vine Stalker Warper on May 11, 2021.
             Slain by an ufetubus (2 damage)
             ... on level 3 of the Dungeon.
             The game lasted 00:03:51 (2220 turns).

Shayle the Ruffian (Vine Stalker Warper)            Turns: 2220, Time: 00:03:52

Health: -1/18      AC:  3    Str: 14    XL:     3   Next: 83%
Magic:  0/7        EV: 11    Int: 13    God:
Gold:   61         SH:  0    Dex: 13    Spells: 6/6 levels left

rFire    . . .     SeeInvis .     - Unarmed
rCold    . . .     Faith    .   (no shield)
rNeg     . . .     Spirit   +   a - +0 leather armour
rPois    .         Reflect  .   (no helmet)
rElec    .         Harm     .   (no cloak)
rCorr    .         Rampage  .   (no gloves)
Will     .....                  (no boots)
Stlth    +.........             (no amulet)
HPRegen  0.06/turn              (no ring)
MPRegen  0.10/turn              (no ring)

@: no status effects
A: fangs 2, magic shield, antimagic bite, no potion heal 2
a: no special abilities


You were on level 3 of the Dungeon.
You visited 1 branch of the dungeon, and saw 3 of its levels.

You collected 61 gold pieces.

Inventory:

Hand Weapons
 f - a +2 hand axe of draining
Missiles
 d - 2 boomerangs of dispersal (quivered)
Armour
 a - a +0 leather armour (worn)
Scrolls
 b - a scroll of teleportation {unknown}
 c - a scroll of blinking
 e - a scroll of identify {unknown}
 g - a scroll of holy word {unknown}
Potions
 h - 2 potions of heal wounds


   Skills:
 - Level 1.7 Fighting
 - Level 0.8 Throwing
 - Level 0.7 Armour
 - Level 1.5 Dodging
 + Level 0.3 Stealth
 + Level 4.0 Unarmed Combat
 - Level 2.1 Spellcasting
 - Level 3.0 Translocations


You had 6 spell levels left.
You didn't know any spells.
Your spell library contained the following spells:

 Spells                   Type           Power      Damage    Failure   Level
 Blink                    Tloc           N/A        N/A       14%         2
 Gell's Gravitas          Tloc           4%         N/A       28%         3
 Lesser Beckoning         Tloc           4%         N/A       28%         3
 Teleport Other           Tloc           9%         N/A       28%         3
 Animate Skeleton         Necr           2%         N/A       32%         1
 Pain                     Necr           4%         1d4       32%         1
 Vampiric Draining        Necr           0%         2d6       67%         3
 Manifold Assault         Tloc           9%         N/A       95%         5
 Animate Dead             Necr           0%         N/A       97%         4
 Agony                    Necr           1%         N/A       100%        5


Dungeon Overview and Level Annotations

Branches:
Dungeon (3/15)

Altars:


Innate Abilities, Weirdness & Mutations

You have extremely sharp teeth.
When hurt, damage is shared between your health and your magic reserves.
Your bite disrupts and absorbs the magic of your enemies.
Potions cannot restore your health.


Message History

Throw: 4 boomerangs (disperse)
Press: ? - help, Q - select action Shift-Dir - straight line, f/p - worm
Aim: a worm (lightly wounded, 76% to hit)
You throw a boomerang of dispersal.
The boomerang of dispersal hits the worm.
The worm blinks!
You start resting.
A worm is nearby!
Throw: 3 boomerangs (disperse)
Press: ? - help, Q - select action Shift-Dir - straight line, f/p - worm
Aim: a worm (76% to hit)
You throw a boomerang of dispersal.
The boomerang of dispersal hits the worm.
The worm blinks!
You hear a shout!
You start resting.
Your transformation is almost over.
You start resting.
An ufetubus comes into view.
You feel less wooden.
Your +0 leather armour unmelds from your body.
A goblin comes into view. It is wielding a +0 club.
You miss the ufetubus.
The goblin shouts!
Your bite misses the ufetubus. The ufetubus completely misses you.
The ufetubus closely misses you.
The goblin unwields a +0 club.
The goblin wields a +0 hunting sling.
The goblin shoots a stone.
The stone misses you. The ufetubus barely misses you. The ufetubus hits you.
* * * LOW HITPOINT WARNING * * *
You closely miss the ufetubus. Your bite misses the ufetubus.
A goblin comes into view. It is wielding a +0 dagger.
The ufetubus barely misses you. x2; The goblin shoots a stone.
The stone hits you.
Unknown command.
You hit the ufetubus but do no damage. The ufetubus barely misses you.
The ufetubus hits you.
The goblin shoots a stone.
The stone barely misses you. The ufetubus misses you. The ufetubus hits you.
Unknown command.
You hit the ufetubus but do no damage. The ufetubus hits you.
You die...

w.g. ... g.
####.# #....#
#...<# #.5.#
#@# #†# #.###
#...# ###.#
##..#
##..w######.#
#....<.......
########
##...###.#.##


You could see a worm, an ufetubus and 2 goblins.

Vanquished Creatures
  An adder (D:3)
  A worm (D:3)
  A dart slug (D:1)
  3 ball pythons
  6 endoplasms
  4 giant cockroaches
  2 goblins (D:1)
  3 hobgoblins
  2 jackals (D:3)
  2 quokkas
  5 bats
  A frilled lizard (D:3)
  A kobold (D:2)
  A rat (D:3)
33 creatures vanquished.

Notes
Turn   | Place    | Note
-------+----------+-------------------------------------------
     0 | D:1      | Shayle the Vine Stalker Warper began the quest for the Orb.
     0 | D:1      | Reached XP level 1. HP: 11/11 MP: 4/4
   515 | D:1      | Reached XP level 2. HP: 14/15 MP: 6/6
   583 | D:1      | Found a faded altar of an unknown god.
   771 | D:1      | Reached skill level 3 in Unarmed Combat
  1380 | D:2      | Reached XP level 3. HP: 12/18 MP: 7/7
  1532 | D:2      | Noticed an ogre
  2187 | D:3      | HP: 1/27 [poisoned by an adder]
  2188 | D:3      | Reached skill level 4 in Unarmed Combat
  2220 | D:3      | Slain by an ufetubus

Illustrated notes

Levels and vault maps discovered:
D:1:      amcnicky_arrival_gap_in_the_tavern_cellar, layout_basic,
          chequers_ecumenical_altar_simple_redux
D:2:      kennysheep_the_goblin_king, layout_basic, basic_altar
D:3:      layout_loops_cross

Skill      XL: |  1  2  3 |
---------------+----------+-----
Unarmed Combat | 3 4 |  4.0
Fighting       | |  1.7
Throwing       | |  0.8
Armour         | |  0.7
Dodging        | |  1.5
Stealth        | |  0.3
Spellcasting   | |  2.1
Translocations | |  3.0

Action                   || total
-------------------------++-------
Melee: Unarmed           ||   161
       Bite              ||    48
Throw: Boomerang         ||     3
  Use: Potion            ||     3
 Stab: Sleeping          ||     1
Armor: Leather armour    ||    52
       Skin              ||     3
Dodge: Dodged            ||    96

Table legend: (Time is in decaauts)
 A = Elapsed time spent in this place.
 B = Non-inter-level travel time spent in this place.
 C = Inter-level travel time spent in this place.
 D = Time resting spent in this place.
 E = Time spent auto-exploring this place.
 F = Levels seen in this place.
 G = Mean time per level.
                   A        B        C        D        E       F      G
               +--------+--------+--------+--------+--------+-----+--------+
         Total |   2211 |   2195 |     16 |    367 |   1411 |   3 |  737.0 |
       Dungeon |   2211 |   2195 |     16 |    367 |   1411 |   3 |  737.0 |
               +--------+--------+--------+--------+--------+-----+--------+

Top non-repeatable levels by time:
     D:1: 1354 daAuts
     D:3: 659 daAuts
     D:2: 198 daAuts
